 Dungeon Sprint DCSS version 0.29.1-2-gbd0b4ee654 (webtiles) character file.

Game seed: 7809633369342350872

585 Groucho the Unseen (level 7, -2/37 HPs)
             Began as a Felid Fighter on Nov 8, 2022.
             Was a Believer of Uskayaw.
             Slain by a red devil
             ... wielding a +1 demon trident of flaming
              (14 damage)
             ... in the Dungeon (Sprint VII: "The Pits").
             The game lasted 00:05:04 (1725 turns).

Groucho the Unseen (Felid Fighter)                  Turns: 1725, Time: 00:05:04

Health: -2/37      AC:  2    Str: 12    XL:     7   Next: 14%
Magic:  14/14      EV: 29    Int: 11    God:    Uskayaw [**....]
Gold:   0          SH:  0    Dex: 19    Spells: 6/6 levels left
                                        Lives:  0   Deaths: 2

rFire   . . .      SeeInvis +     - Unarmed
rCold   . . .      Faith    .   (shield unavailable)
rNeg    . . .      Spirit   .   (body armour unavailable)
rPois   .          Reflect  .   (helmet unavailable)
rElec   .          Harm     .   (cloak unavailable)
rCorr   .          Rampage  .   (gloves unavailable)
Will    +....      NoTele   +   (boots unavailable)
Stlth   ++++++....              (no amulet)
HPRegen 0.12/turn               m - +3 ring of evasion
MPRegen 0.14/turn               n - +3 ring of dexterity

@: spiked, quick
A: very small, claws 1, fangs 3, see invisible, speed 1, shaggy fur 2, stealthy
paws, no weapons or thrown items, no armour, multi-lived
a: Renounce Religion, Stomp, Line Pass


You were in the Dungeon.
You worshipped Uskayaw.
Uskayaw was aware of your devotion.
You visited 1 branch

Inventory:

Jewellery
 m - a +3 ring of evasion (left paw)
 n - a +3 ring of dexterity (right paw)
Scrolls
 c - 5 scrolls of amnesia
 g - a scroll of blinking
 h - a scroll of summoning
 i - 2 scrolls of vulnerability
Potions
 a - a potion of might
 b - 2 potions of invisibility
 e - 4 potions of magic
 f - 3 potions of berserk rage
 j - 8 potions of curing
 k - 3 potions of heal wounds
 l - 2 potions of brilliance


   Skills:
 + Level 8.6 Fighting
 + Level 11.2 Dodging
 + Level 15.1 Stealth
 + Level 9.0 Unarmed Combat
 + Level 8.0 Invocations


You had 6 spell levels left.
You didn't know any spells.
Your spell library was empty.

Dungeon Overview and Level Annotations

Branches:
Dungeon (1/1)

Altars:
Ashenzari
Cheibriados
Dithmenos
Elyvilon
Fedhas
Gozag
Hepliaklqana
Kikubaaqudgha
Makhleb
Nemelex Xobeh
Okawaru
Qazlal
Ru
Sif Muna
Trog
Uskayaw
Vehumet
Wu Jian
Xom
Yredelemnul
Zin
The Shining One
Jiyva
Lugonu


Innate Abilities, Weirdness & Mutations

You have sharp claws.
You have razor-sharp teeth.
You have supernaturally acute eyesight. (SInv)
You cover ground quickly. (Speed+)
You are covered in thick fur. (AC +2)
Your paws help you pounce on unaware monsters.
You are incapable of wielding weapons or throwing items.
You cannot wear armour.
You gain extra lives every three experience levels.


Message History

A freezing wraith, a crimson imp and a red devil come into view.
The red devil is wielding a +1 demon trident of flaming.
What are your orders? t - Meow!
Orders for allies: a - Attack new target. r - Retreat! s - Stop attacking. g - Guard the area. f - Follow me.
Anything else - Cancel.
You meow for attention!
There is a huge open gate to the Metal Vault (Medium) here.
There is a huge open gate to the Metal Vault (Medium) here.
There is a huge open gate to the Metal Vault (Medium) here.
You start waiting.
A red devil is nearby!
The red devil barely misses you.
The red devil hits you with a +1 demon trident of flaming!!
Ouch! That really hurt!
Barbed spikes become lodged in your body.
The red devil burns you.
You claw the red devil! You bite the red devil.
The red devil is heavily wounded.
The red devil hits you with a +1 demon trident of flaming!
* * * LOW HITPOINT WARNING * * *
Barbed spikes become lodged in your body.
The red devil burns you.
* * * LOW HITPOINT WARNING * * *
You feel much better.
The red devil hits you with a +1 demon trident of flaming!
Barbed spikes become lodged in your body.
The red devil burns you.
You barely miss the red devil.
The red devil is heavily wounded.
You scratch the red devil.
The red devil is severely wounded.
The red devil completely misses you.
You can now pass through a line of other dancers.
You barely miss the red devil.
The red devil is severely wounded.
The red devil hits you with a +1 demon trident of flaming!
You die...

______.# ______.#
____...###########++######
######'##................#
.')))'(##......#..#......#
######.##................+
........'................+
###'#####......#..#......#
.#..#..##.......@4.......#
.').'..#####'#####''######
'####'###.......##''#
.......##.......##..#
.......##.......##..#
###'#####...<...##..#
..)))[.##.......##.4#
..)))[.##.......##..#
#########.......##..'....W#


You could see a red devil.

Vanquished Creatures
  A deep elf zephyrmancer (D)
  2 freezing wraiths (D)
  A fire bat (D)
  A centaur (D)
  3 scorpions (D)
  A crimson imp (D)
  2 jellies (D)
  2 iguanas (D)
  An orc wizard (D)
  2 adders (D)
  A river rat (D)
  An ufetubus (D)
  4 orcs (D)
  A giant cockroach (D)
  2 goblins (D)
  3 hobgoblins (D)
28 creatures vanquished.

Notes
Turn   | Place    | Note
-------+----------+-------------------------------------------
     0 | D        | Groucho the Felid Fighter began the quest for the Orb.
     0 | D        | Reached XP level 1. HP: 10/10 MP: 2/2
     9 | D        | Noticed a scorpion
    18 | D        | Killed a scorpion
    19 | D        | Reached skill level 10 in Stealth
    19 | D        | Reached XP level 2. HP: 2/14 MP: 3/3
    19 | D        | Reached XP level 3. HP: 2/17 MP: 4/4
   456 | D        | Found a bloodstained altar of Trog.
   456 | D        | Found a shimmering blue altar of Sif Muna.
   456 | D        | Found a viscous altar of Jiyva.
   456 | D        | Found a hazy altar of Hepliaklqana.
   456 | D        | Found an opulent altar of Gozag.
   457 | D        | Found a glowing golden altar of the Shining One.
   457 | D        | Found a glowing silver altar of Zin.
   457 | D        | Found a basalt altar of Yredelemnul.
   457 | D        | Found a shimmering altar of Xom.
   457 | D        | Found an ornate altar of the Wu Jian Council.
   457 | D        | Found a sacrificial altar of Ru.
   457 | D        | Found a stormy altar of Qazlal.
   457 | D        | Found an iron altar of Okawaru.
   457 | D        | Found a sparkling altar of Nemelex Xobeh.
   457 | D        | Found a burning altar of Makhleb.
   457 | D        | Found a blossoming altar of Fedhas.
   457 | D        | Found a white marble altar of Elyvilon.
   457 | D        | Found a shadowy altar of Dithmenos.
   457 | D        | Found a snail-covered altar of Cheibriados.
   460 | D        | Found a corrupted altar of Lugonu.
   460 | D        | Found a radiant altar of Vehumet.
   461 | D        | Found an ancient bone altar of Kikubaaqudgha.
   461 | D        | Found a hide-covered altar of Uskayaw.
   461 | D        | Found a broken altar of Ashenzari.
   470 | D        | Became a worshipper of Uskayaw the Reveller
   492 | D        | Reached * piety under Uskayaw
   498 | D        | Noticed a scorpion
   499 | D        | Killed a scorpion
   499 | D        | Reached ** piety under Uskayaw
   500 | D        | Reached skill level 5 in Dodging
   500 | D        | Reached skill level 11 in Stealth
   500 | D        | Reached XP level 4. HP: 22/22 MP: 4/6
   525 | D        | Reached skill level 5 in Unarmed Combat
   525 | D        | Reached XP level 5. HP: 18/25 MP: 6/8
   814 | D        | Noticed a centaur
   823 | D        | Killed a centaur
   823 | D        | Reached *** piety under Uskayaw
   824 | D        | Reached skill level 5 in Fighting
   831 | D        | Reached **** piety under Uskayaw
   835 | D        | Reached skill level 12 in Stealth
   835 | D        | Gained mutation: You are covered in thick fur. (AC +2)
                  | [Felid growth]
   835 | D        | Reached XP level 6. HP: 30/31 MP: 8/10
   850 | D        | Reached skill level 5 in Invocations
   851 | D        | Noticed a freezing wraith
   857 | D        | Killed a freezing wraith
   858 | D        | Reached skill level 13 in Stealth
   858 | D        | Reached XP level 7. HP: 31/36 MP: 10/12
   873 | D        | Noticed a fire bat
   880 | D        | Killed a fire bat
   881 | D        | Reached skill level 14 in Stealth
   884 | D        | Reached ***** piety under Uskayaw
  1101 | D        | Noticed a freezing wraith
  1291 | D        | Noticed a deep elf zephyrmancer
  1322 | D        | Killed a deep elf zephyrmancer
  1323 | D        | Reached skill level 10 in Dodging
  1323 | D        | Reached XP level 8. HP: 27/40 MP: 7/14
  1570 | D        | HP: 2/40 [freezing wraith (16)]
  1574 | D        | Slain by a freezing wraith
  1575 | D        | Reached XP level 7. HP: -3/37 MP: 13/13
  1614 | D        | HP: 1/37 [freezing wraith (5)]
  1615 | D        | Slain by a freezing wraith
  1616 | D        | Reached XP level 6. HP: -5/33 MP: 12/12
  1628 | D        | Killed a freezing wraith
  1629 | D        | Reached skill level 15 in Stealth
  1629 | D        | Reached XP level 7. HP: 37/37 MP: 12/14
  1691 | D        | Noticed a freezing wraith
  1691 | D        | Noticed a red devil
  1725 | D        | Slain by a red devil

Illustrated notes

Levels and vault maps discovered:
D:        pitsprint [storerooms_1, entrance_room_1, metal_vault_1, armoury_3,
          mini_pit_1, grid_room_1, main_hall_1, silver_pit, the_coven_3,
          the_vestibule_1, steel_vault_3, golden_pit, hallway_of_sentries,
          crystal_vault_1, iron_vault_5, final_vault]

Skill      XL: |  1  2  3  4  5  6  7 |
---------------+----------------------+-----
Stealth        | 10 11 12 15 14 | 15.1
Fighting       | 4 5 7 8 |  8.6
Dodging        | 5 7 11 10 | 11.2
Invocations    | 2 4 8 7 |  8.0
Unarmed Combat | 5 6 9 8 |  9.0

Action                   |  1- 3 |  4- 6 |  7- 9 || total
-------------------------+-------+-------+-------++-------
Melee: Unarmed           |    10 |    48 |    60 ||   118
       Bite              |     3 |     7 |     8 ||    18
       Punch             |       |     2 |     1 ||     3
Invok: Line Pass         |       |       |     2 ||     2
  Use: Potion            |     2 |     2 |     7 ||    11
 Stab: Sleeping          |     4 |     3 |       ||     7
       Paralysed         |       |     2 |     3 ||     5
Armor: Skin              |       |     1 |       ||     1
Dodge: Dodged            |     4 |    43 |    68 ||   115
